 Dungeon Crawl Stone Soup version 0.28.0-53-g5a82cb258f (console) character file.

Game seed: 3588348137189102901

209 Faeu the Chopper (level 5, -5/45 HPs)
             Began as a Minotaur Berserker on May 24, 2022.
             Was a Priest of Trog.
             Slain by a kobold brigand
             ... wielding a +0 short sword
              (9 damage)
             ... on level 4 of the Dungeon.
             The game lasted 00:05:13 (3312 turns).

Faeu the Chopper (Minotaur Berserker)               Turns: 3312, Time: 00:05:14

Health: -5/45      AC:  2    Str: 24    XL:     5   Next: 55%
Magic:  4/4        EV: 12    Int:  4    God:    Trog [***...]
Gold:   188        SH:  0    Dex:  9    Spells: 4/4 levels left

rFire   . . .      SeeInvis .   a - +0 hand axe {axe}
rCold   . . .      Faith    .   (no shield)
rNeg    . . .      Spirit   .   b - +0 animal skin
rPois   .          Reflect  .   (helmet restricted)
rElec   .          Harm     .   (no cloak)
rCorr   .          Rampage  .   (no gloves)
Will    .....                   (no boots)
Stlth   +.........              (no amulet)
HPRegen 0.15/turn               (no ring)
MPRegen 0.09/turn               (no ring)

@: lethally poisoned (-5 -> -18)
A: horns 2, retaliatory headbutt
a: Renounce Religion, Berserk, Trog's Hand


You were on level 4 of the Dungeon.
You worshipped Trog.
Trog was most pleased with you.
You visited 1 branch of the dungeon, and saw 4 of its levels.

You collected 188 gold pieces.


Innate Abilities, Weirdness & Mutations

You have a pair of horns on your head.
You reflexively headbutt those who attack you in melee.


   Skills:
 - Level 3.6 Fighting
 + Level 7.6 Axes
 - Level 2.4 Armour
 - Level 2.1 Dodging


You had 4 spell levels left.
You didn't know any spells.
Your spell library was empty.

Inventory:

Hand Weapons
 a - a +0 hand axe (weapon) {axe}
 c - a +0 short sword of venom {short}
   (You took it off a kobold on level 1 of the Dungeon)
 k - a +1 dagger of venom {short}
   (You found it on level 2 of the Dungeon)
Armour
 b - a +0 animal skin (worn)
Jewellery
 p - a ring of wizardry
   (You found it on level 2 of the Dungeon)
 r - a ring of protection from fire
   (You found it on level 4 of the Dungeon)
Wands
 m - a wand of charming (5)
   (You found it on level 2 of the Dungeon)
Scrolls
 e - a scroll of enchant weapon {unknown}
 h - 2 scrolls of teleportation {unknown}
 j - a scroll of magic mapping {unknown}
 l - a scroll of immolation {unknown}
Potions
 d - 2 potions of might {unknown}
 f - 2 potions of heal wounds {unknown}
 g - 2 potions of curing {unknown}
 i - a potion of resistance {unknown}
 n - a potion of ambrosia {unknown}
 o - 2 potions of haste {unknown}
 q - a potion of magic {unknown}

Dungeon Overview and Level Annotations

Branches:
Dungeon (4/15)
 Temple: D:4-7

Altars:

Annotations:
D:2 1 runed translucent door, Crazy Yiuf
D:4 Dowan, Duvessa

.. #### ..... ###
...### ..... ..# ......
.......##.##......
.......<...........
......................
......................
.........#...@....##
#............K....#
#...................
#.......(...........
###.................
#>..................
####...................
#.....................#
#............#+###....
#.............. ...
#...............


You could see a kobold brigand.


Message History

The dart slug launches a dart at you. The slug dart hits you. 😕 HP[-4]
You take 4 damage, and now have 41/45 hp.
The dart slug launches a dart at you. The slug dart hits you. 😕 HP[-3]
You take 3 damage, and now have 38/45 hp.
You hit the dart slug. You hit the dart slug.
The dart slug launches a dart at you. The slug dart hits you.
You slash the dart slug!
You kill the dart slug!
Trog accepts your kill. 😕 HP[-3]
You take 3 damage, and now have 35/45 hp.
Done exploring.
No target in view! 😎 HP[+10] Done exploring.
No target in view!
(D) Dungeon
Where to? (? - help)
There is an open door here.
There is a stone staircase leading down here.
You climb downwards.
Duvessa shouts!
Dowan shouts!
There is a stone staircase leading up here.
There are monsters nearby!
You climb upwards.
There is a stone staircase leading down here.
As you open the door, it creaks loudly!
There is an open door here.
There is a stone staircase leading down here.
You climb downwards.
Level annotation: Dowan, Duvessa
There is a stone staircase leading up here.
q - a red potion A giant cockroach comes into view.
You slash the giant cockroach!
You kill the giant cockroach!
Trog accepts your kill.
You see here a giant cockroach corpse.
As you open the door, it creaks loudly!
You hear a shout!
There is an open door here.
An ufetubus comes into view.
The ufetubus shouts!
You see here a blue potion.
The ufetubus closely misses you. You furiously retaliate!
You headbutt the ufetubus, but do no damage.
The ufetubus barely misses you.
You hit the ufetubus. The ufetubus misses you. You furiously retaliate!
You headbutt the ufetubus.
You kill the ufetubus!
Trog accepts your kill.
d - 2 blue potions (gained 1)
r - a ring of protection from fire
h - 2 scrolls labelled XAPTYRPHAASUEDA (gained 1)
A scorpion comes into view.
A kobold brigand comes into view.
It is wielding a +0 short sword and quivering poisoned darts.
The scorpion barely misses you. You furiously retaliate!
You headbutt the scorpion. You barely miss the scorpion.
The scorpion misses you. The scorpion closely misses you.
You barely miss the scorpion. The scorpion stings you!
You are poisoned.
The scorpion poisons you! 😕 HP[-7]
You take 7 damage, and now have 38/45 hp.
You hit the scorpion. Your headbutt misses the scorpion.
You feel very sick. The scorpion stings you.
You are more poisoned.
The scorpion poisons you! 😮 HP[-7]
You take 7 damage, and now have 31/45 hp.
You hit the scorpion.
You feel very sick. The scorpion stings you. 😮 HP[-8]
You take 8 damage, and now have 23/45 hp.
You hit the scorpion but do no damage.
You feel very sick. The scorpion stings you!
* * * LOW HITPOINT WARNING * * *
The kobold brigand throws a poisoned dart.
The poisoned dart hits you!
You are more poisoned. 😨 HP[-11]
You take 11 damage, and now have 12/45 hp.
MASSIVE DAMAGE!! (PAUSE)
You barely miss the scorpion. You headbutt the scorpion.
You kill the scorpion!
Trog accepts your kill.
* * * LOW HITPOINT WARNING * * *
You feel very sick. 😱 HP[-4]
You take 4 damage, and now have 8/45 hp.
* * * LOW HITPOINT WARNING * * *
You feel very sick.
The kobold brigand hits you with a +0 short sword!
You die...

Skill      XL: |  1  2  3  4  5 |
---------------+----------------+-----
Axes           | 4 5 6 7 |  7.6
Fighting       | |  3.6
Armour         | |  2.4
Dodging        | |  2.1

Action                   |  1- 3 |  4- 6 || total
-------------------------+-------+-------++-------
Melee: Hand axe          |    76 |    89 ||   165
       Headbutt          |     9 |     9 ||    18
       Punch             |       |     1 ||     1
 Stab: Sleeping          |     1 |     2 ||     3
Armor: Animal skin       |    17 |     5 ||    22
Dodge: Dodged            |    57 |    48 ||   105

Levels and vault maps discovered:
D:1:      minmay_arrival_shattered_statue, layout_basic,
          hellmonk_ecumenical_altar_pennies_from_heaven, minmay_hexomino_c4
D:2:      layout_loops_ring, minmay_between, uniq_crazy_yiuf_cottage
D:3:      layout_basic, uniq_natasha
D:4:      layout_basic, uniq_ijyb, uniq_duvessa, uniq_menkaure

Notes
Turn   | Place    | Note
-------+----------+-------------------------------------------
     0 | D:1      | Faeu the Minotaur Berserker began the quest for the Orb.
     0 | D:1      | Reached XP level 1. HP: 19/19 MP: 0/0
     0 | D:1      | magus.rc [v1.9.6]
    74 | D:1      | Reached skill level 4 in Axes
   114 | D:1      | Reached XP level 2. HP: 26/26 MP: 1/1
   329 | D:1      | Reached skill level 5 in Axes
   403 | D:1      | Reached XP level 3. HP: 31/31 MP: 2/2
   524 | D:1      | Reached ** piety under Trog
   580 | D:1      | Found a faded altar of an unknown god.
  1133 | D:2      | Found a runed translucent door.
  1134 | D:2      | Noticed Crazy Yiuf
  1363 | D:2      | Reached skill level 6 in Axes
  1363 | D:2      | Reached XP level 4. HP: 34/39 MP: 3/3
  2186 | D:3      | Reached *** piety under Trog
  2188 | D:3      | magus.rc [v1.9.6]
  2252 | D:3      | Noticed Natasha
  2260 | D:3      | Killed Natasha
  2764 | D:3      | Reached XP level 5. HP: 36/45 MP: 4/4
  2765 | D:3      | Reached skill level 7 in Axes
  3222 | D:4      | Noticed Duvessa
  3222 | D:4      | Noticed Dowan
  3311 | D:4      | HP: 8/45 [poisoned by a kobold brigand]
  3312 | D:4      | Slain by a kobold brigand

Vanquished Creatures
  A scorpion (D:4)
  Natasha (D:3)
  A gnoll (D:1)
  2 adders (D:2)
  An ufetubus (D:4)
  2 worms
  3 dart slugs
  5 orcs (D:3)
  8 ball pythons
  9 endoplasms
  4 giant cockroaches
  10 hobgoblins
  2 quokkas
  5 bats
  2 frilled lizards
  6 goblins
  10 kobolds
  3 rats
75 creatures vanquished.

Table legend:
 A = Non-vault XP
 B = Vault XP
 C = Vault XP percentage of total XP
 D = Non-vault monster count
 E = Vault monster count
 F = Vault count percentage of total count
                 A         B        C        D         E       F
            +---------+---------+-------+---------+---------+-------
      Total |     239 |      60 |  20.1 |      61 |      14 |  18.7
            +---------+---------+-------+---------+---------+-------
        D:1 |      49 |      14 |  22.2 |      22 |       8 |  26.7
        D:2 |      60 |      11 |  15.5 |      19 |       5 |  20.8
        D:3 |      41 |      35 |  46.1 |      17 |       1 |   5.6
        D:4 |      89 |       0 |   0.0 |       3 |       0 |   0.0
            +---------+---------+-------+---------+---------+-------

Illustrated notes

Table legend:
 A = Kills in this place as a percentage of kills in entire the game.
 B = Kills by you in this place as a percentage of kills by you in the entire game.
 C = Kills by friends in this place as a percentage of kills by friends in the entire game.
 D = Other kills in this place as a percentage of other kills in the entire game.
 E = Experience gained in this place as a percentage of experience gained in the entire game.
 F = Experience gained in this place divided by the number of levels of this place that you have seen.
                   A       B       C       D       E      F
               +-------+-------+-------+-------+-------+----------------------
         Total | 100.0 | 100.0 |   N/A |   N/A | 100.0 |  74.8
       Dungeon | 100.0 | 100.0 |   N/A |   N/A | 100.0 |  74.8
               +-------+-------+-------+-------+-------+----------------------

Table legend: (Time is in decaauts)
 A = Elapsed time spent in this place.
 B = Non-inter-level travel time spent in this place.
 C = Inter-level travel time spent in this place.
 D = Time resting spent in this place.
 E = Time spent auto-exploring this place.
 F = Levels seen in this place.
 G = Mean time per level.
                   A        B        C        D        E       F      G
               +--------+--------+--------+--------+--------+-----+--------+
         Total |   3314 |   3206 |    108 |    240 |   2430 |   4 |  828.5 |
       Dungeon |   3314 |   3206 |    108 |    240 |   2430 |   4 |  828.5 |
               +--------+--------+--------+--------+--------+-----+--------+

Top non-repeatable levels by time:
     D:2: 1184 daAuts
     D:3: 1141 daAuts
     D:1: 914 daAuts
     D:4: 73 daAuts
